 Dungeon Sprint DCSS version 0.27-a0-978-g2aa4ecdaef (webtiles) character file.

Game seed: 13221200687270605281

10 mhtbhm the Digger (level 2, -1/15 HPs)
             Began as a Gargoyle Earth Elementalist on Apr 14, 2021.
             Slain by an ice beast (13 damage)
             ... in the Dungeon (Sprint IX: "|||||||||||||||||||||||||||||").
             The game lasted 00:00:53 (241 turns).

mhtbhm the Digger (Gargoyle Earth Elementalist)      Turns: 241, Time: 00:00:54

Health: -1/15      AC:  4    Str: 11    XL:     2   Next: 20%
Magic:  3/5        EV: 12    Int: 15    God:
Gold:   0          SH:  0    Dex: 10    Spells: 3/6 levels left

rFire    . . .     SeeInvis .   (no weapon)
rCold    . . .     Faith    .   (no shield)
rNeg     + . .     Spirit   .   c - +0 robe
rPois    ∞         Reflect  .   (no helmet)
rElec    +         Harm     .   (no cloak)
rCorr    .         Rampage  .   (no gloves)
Will     .....     NoTele   +   (no boots)
Stlth    ++........             (no amulet)
HPRegen  0.05/turn              (no ring)
MPRegen  0.09/turn              (no ring)

@: no status effects
A: AC +2, negative energy resistance 1, electricity resistance, torment
resistance 1, unbreathing 1, petrification resistance
a: no special abilities


You were in the Dungeon.
You visited 1 branch

Inventory:

Missiles
 b - 18 stones
Armour
 c - a +0 robe (worn)
Scrolls
 i - a scroll of blinking
Potions
 f - a potion of haste
 g - a potion of magic


   Skills:
 + Level 0.1 Fighting
 + Level 1.9 Dodging
 - Level 2.1 Stealth
 + Level 0.3 Unarmed Combat
 + Level 2.8 Spellcasting
 + Level 0.8 Transmutations
 + Level 5.3 Earth Magic


You had 3 spell levels left.
You knew the following spells:

 Your Spells              Type           Power      Damage    Failure   Level
a - Sandblast             Erth           36%        2d10      2%          1
b - Passwall              Tmut/Erth      9%         N/A       9%          2

Your spell library contained the following spells:

 Spells                   Type           Power      Damage    Failure   Level
 Stone Arrow              Conj/Erth      20%        3d8       21%         3
 Petrify                  Tmut/Erth      11%        N/A       50%         4
 Lee's Rapid Deconstruct  Erth           9%         3d8*      54%         5


Dungeon Overview and Level Annotations

Branches:
Dungeon (1/1)

Altars:


Innate Abilities, Weirdness & Mutations

Your stone body is resilient. (AC +2)
You are immune to poison.
You resist negative energy. (rN+)
You are resistant to electric shocks. (rElec)
You are resistant to unholy torment.
You can survive without breathing.
You are immune to petrification.


Message History

Unknown command.
Casting: Sandblast (safe; 2% risk of failure)
Confirm with . or Enter, or press ? or * to list all spells.
Aiming: Sandblast (safe; 2% risk of failure)
Press: ? - help, Shift-Dir - straight line, f/p - ice beast
Aim: an ice beast (lightly wounded, 21% to evade)
The blast of sand hits the ice beast!
The ice beast is heavily wounded.
The ice beast hits you. The ice beast freezes you.
* * * LOW HITPOINT WARNING * * *
You feel much better. The ice beast closely misses you.
Casting: Sandblast (safe; 2% risk of failure)
Confirm with . or Enter, or press ? or * to list all spells.
Aiming: Sandblast (safe; 2% risk of failure)
Press: ? - help, Shift-Dir - straight line, f/p - ice beast
Aim: an ice beast (heavily wounded, 21% to evade)
The blast of sand hits the ice beast but does no damage.
The ice beast is heavily wounded.
The ice beast closely misses you.
Unknown command.
Magic courses through your body. The ice beast misses you.
Casting: Sandblast (safe; 2% risk of failure)
Confirm with . or Enter, or press ? or * to list all spells.
Aiming: Sandblast (safe; 2% risk of failure)
Press: ? - help, Shift-Dir - straight line, f/p - ice beast
Aim: an ice beast (heavily wounded, 21% to evade)
The blast of sand hits the ice beast!
The ice beast is severely wounded.
The ice beast hits you but does no damage.
Unknown command.
Casting: Sandblast (safe; 2% risk of failure)
Confirm with . or Enter, or press ? or * to list all spells.
Aiming: Sandblast (safe; 2% risk of failure)
Press: ? - help, Shift-Dir - straight line, f/p - ice beast
Aim: an ice beast (severely wounded, 21% to evade)
The blast of sand hits the ice beast but does no damage.
The ice beast is severely wounded.
The ice beast hits you. The ice beast freezes you!
Ouch! That really hurt!
You die...

▓+▓
▓.▓
▓.▓
▓o▓
▓Z▓
▓g▓
▓Y▓
▓@▓
▓.▓
▓.▓
▓.▓
▓.▓
▓)▓
▓.▓
▓÷▓
▓÷▓


You could see an ice beast, a gnoll, an orc and a bat skeleton.

Vanquished Creatures
  An adder skeleton (D)
  A dart slug (D)
  A ball python (D)
  A quokka (D)
  A frilled lizard (D)
  A kobold (D)
6 creatures vanquished.

Notes
Turn   | Place    | Note
-------+----------+-------------------------------------------
     0 | D        | mhtbhm the Gargoyle Earth Elementalist began the quest for
                  | the Orb.
     0 | D        | Reached XP level 1. HP: 10/10 MP: 3/3
     5 | D        | Reached skill level 4 in Earth Magic
    25 | D        | Reached skill level 5 in Earth Magic
    25 | D        | Reached XP level 2. HP: 12/15 MP: 0/5
    70 | D        | Learned a level 2 spell: Passwall
   213 | D        | Noticed an ice beast
   241 | D        | Slain by an ice beast

Illustrated notes

Levels and vault maps discovered:
D:        linesprint [early_d, line_temple, items_1, d_10, items_2, lair_1,
          lair_end, items_3, orc_1, orc_end, items_4, d_15, swamp_1, shoals_1,
          snake_1, spider_1, d_20, vaults_1, items_5, swamp_end, shoals_end,
          snake_end, spider_end, vaults_end, d_27, items_6, zot_1, zot_end,
          crypt_end, forest_end, elf_end, slime_end, tomb_end, abyss_end,
          pan_hell_end]

Skill      XL: |  1 |
---------------+----+-----
Earth Magic    | 5 |  5.3
Fighting       | |  0.1
Dodging        | |  1.9
Stealth        | |  2.1
Unarmed Combat | |  0.3
Spellcasting   | |  2.8
Transmutations | |  0.8

Action                   || total
-------------------------++-------
Melee: Unarmed           ||    17
 Cast: Sandblast         ||    12
  Use: Potion            ||     4
Armor: Robe              ||    11
Dodge: Dodged            ||    20

Table legend: (Time is in decaauts)
 A = Elapsed time spent in this place.
 B = Non-inter-level travel time spent in this place.
 C = Inter-level travel time spent in this place.
 D = Time resting spent in this place.
 E = Time spent auto-exploring this place.
 F = Levels seen in this place.
 G = Mean time per level.
                   A        B        C        D        E       F      G
               +--------+--------+--------+--------+--------+-----+--------+
         Total |    251 |    251 |      0 |    190 |      3 |   1 |  251.0 |
       Dungeon |    251 |    251 |      0 |    190 |      3 |   1 |  251.0 |
               +--------+--------+--------+--------+--------+-----+--------+

Top non-repeatable levels by time:
       D: 251 daAuts
